 Dungeon Crawl Stone Soup version 0.31-a0-187-gba352fbbf7 (webtiles) character file.

Game seed: 15682641307921762001

213 qw the Skirmisher (level 5, -2/29 HPs)
             Began as a Deep Elf Hunter on June 22, 2023.
             Slain by an orc
             ... wielding a +0 mace
              (5 damage)
             ... on level 4 of the Dungeon.
             The game lasted 00:01:03 (2602 turns).

qw the Skirmisher (Deep Elf Hunter)                 Turns: 2602, Time: 00:01:03

Health: -2/29      AC:  7    Str: 10    XL:     5   Next: 59%
Magic:  7/7        EV: 11    Int: 14    God:
Gold:   126        SH:  0    Dex: 18    Spells: 4/4 levels left

rFire   . . .        Y - +1 shortbow
rCold   . . .        (shield currently unavailable)
rNeg    . . .        f - +0 ring mail
rPois   .            d - +0 helmet
rElec   .            b - +0 cloak
rCorr   .            (no gloves)
SInv    .            (no boots)
Will    .....        (no amulet)
Stlth   +            (no ring)
HPRegen 0.24/turn    (no ring)
MPRegen 0.10/turn

%: no passive effects
@: about to teleport
A: no striking features
a: no special abilities


You were on level 4 of the Dungeon.
You visited 1 branch of the dungeon, and saw 4 of its levels.

You collected 126 gold pieces.


   Skills:
 + Level 1.5 Fighting
 - Level 9.1 Ranged Weapons
 - Level 2.4 Dodging
 - Level 1.2 Stealth


You had 4 spell levels left.
You didn't know any spells.
Your spell library was empty.

Inventory:

Hand Weapons
 Y - a +1 shortbow (weapon)
Armour
 b - a +0 cloak (worn)
 d - a +0 helmet (worn)
 f - a +0 ring mail (worn)
Potions
 c - a potion of invisibility {unknown}
 e - a potion of enlightenment {unknown}
 g - 3 potions of curing
 h - a potion of heal wounds {unknown}
 i - a potion of magic {unknown}
 l - a potion of berserk rage {unknown}

Dungeon Overview and Level Annotations

Branches:
Dungeon (4/15)
 Temple: D:4-7

Altars:
Hepliaklqana
Qazlal
Ru
Xom
Lugonu

Portals:
Abyss: D:3

Annotations:
D:1 1 transporter
D:3 2 runed translucent doors


Message History

The arrow hits the orc but does no damage.
The orc hits you with a +0 mace. The orc barely misses you.
You shoot an arrow. The arrow hits the orc priest!
The orc priest is heavily wounded.
The orc hits you but does no damage.
The orc priest hits you with a +0 flail.
You shoot an arrow. The arrow hits the orc priest!
You kill the orc priest!
The orc barely misses you.
Your Ranged Weapons skill increases to level 9!
You shoot an arrow. The arrow hits the orc.
The orc is moderately wounded.
The orc hits you with a +0 mace.
You shoot an arrow. The arrow closely misses the orc.
The orc hits you with a +0 mace.
You shoot an arrow.
The arrow hits the orc but does no damage.
The orc is lightly wounded.
The orc closely misses you.
You shoot an arrow.
The arrow hits the orc but does no damage.
The orc is lightly wounded.
The orc hits you but does no damage.
You shoot an arrow.
The arrow hits the orc but does no damage.
The orc is lightly wounded.
The orc hits you with a +0 mace.
You shoot an arrow.
The arrow hits the orc but does no damage.
The orc is lightly wounded.
The orc misses you.
You shoot an arrow.
The arrow hits the orc but does no damage.
The orc is lightly wounded.
The orc hits you but does no damage. The orc hits you with a +0 mace!
2602 ||| READING scroll of teleportation.
As you read the scroll of teleportation, it crumbles to dust.
You feel strangely unstable. The orc hits you with a +0 mace.
You die...

######. .......
##.#.....
#.######@o))....
#.<......)......
#####.##........
#.#####..).. #.#
.....
###########.#
###.
#...........#
###.###########
....#


You could see an orc.

Vanquished Creatures
  An orc priest (D:4)
  An orc wizard (D:4)
  Robin (D:2)
  2 gnolls (D:1)
  5 adders
  2 worms
  3 orcs
  6 ball pythons
  8 bats
  5 endoplasms
  11 goblins
  10 hobgoblins
  4 jackals (D:3)
  3 quokkas
  5 frilled lizards
  7 kobolds
  2 rats
76 creatures vanquished.

Notes
Turn   | Place    | Note
-------+----------+-------------------------------------------
     0 | D:1      | qw the Deep Elf Hunter began the quest for the Orb.
     0 | D:1      | Reached XP level 1. HP: 12/12 MP: 3/3
     0 | D:1      | 0 ||| qw: Version: 0.3-a-9-g12657ce
     0 | D:1      | 0 ||| qw: Game counter: 2380
     0 | D:1      | 0 ||| qw: Always use a shield: true
     0 | D:1      | 0 ||| qw: God list: Okawaru
     0 | D:1      | 0 ||| qw: Allow faded altars: false
     0 | D:1      | 0 ||| qw: Do Orc after D:15 true
     0 | D:1      | 0 ||| qw: Do second Lair branch before Depths: true
     0 | D:1      | 0 ||| qw: Lair rune preference: random
     0 | D:1      | 0 ||| qw: Plans: Normal
     0 | D:1      | 0 ||| PLANNING D:1-11
    60 | D:1      | Reached XP level 2. HP: 16/16 MP: 4/4
    61 | D:1      | Reached skill level 6 in Ranged Weapons
   197 | D:1      | Reached XP level 3. HP: 13/20 MP: 5/5
   235 | D:1      | Found a faded altar of an unknown god.
   420 | D:1      | 420 ||| READING scroll labelled ZULUAD DUATURUO.
   421 | D:1      | 421 ||| READING scroll labelled ITWOQI QEEHE.
   422 | D:1      | 422 ||| READING scroll labelled GAVEUM DIZEIME.
   423 | D:1      | 423 ||| DRINKING 2 amethyst potions.
   424 | D:1      | 424 ||| DROPPING scroll of butterflies.
   425 | D:1      | 425 ||| DROPPING potion of degeneration.
   578 | D:2      | Reached skill level 7 in Ranged Weapons
   745 | D:2      | Found a shimmering altar of Xom.
   844 | D:2      | Noticed Robin
   853 | D:2      | HP: 4/20 [Robin/+0 trident (4)]
   856 | D:2      | Killed Robin
   857 | D:2      | Reached XP level 4. HP: 6/25 MP: 6/6
  1305 | D:2      | 1305 ||| UPGRADING to +0 scale mail.
  1315 | D:2      | 1315 ||| DROPPING +0 leather armour.
  1316 | D:2      | 1316 ||| UPGRADING to +0 helmet.
  1321 | D:2      | 1321 ||| UPGRADING to +0 ring mail.
  1331 | D:2      | 1331 ||| DROPPING +0 scale mail.
  1332 | D:2      | 1332 ||| READING 2 scrolls labelled EKHLICK BAURAEXT.
  1336 | D:2      | 1336 ||| DRINKING 4 bubbling amethyst potions.
  1337 | D:2      | 1337 ||| DRINKING 3 fuming green potions.
  1378 | D:2      | 1378 ||| DROPPING 2 potions of lignification.
  1462 | D:3      | Reached skill level 8 in Ranged Weapons
  1472 | D:3      | 1472 ||| FLEEEEING.
  1659 | D:3      | 1659 ||| FLEEEEING.
  1662 | D:3      | 1662 ||| FLEEEEING.
  1663 | D:3      | 1663 ||| FLEEEEING.
  1664 | D:3      | 1664 ||| FLEEEEING.
  1665 | D:3      | 1665 ||| FLEEEEING.
  1671 | D:3      | 1671 ||| FLEEEEING.
  1672 | D:3      | 1672 ||| FLEEEEING.
  1882 | D:3      | Found a one-way gate to the infinite horrors of the Abyss.
  1965 | D:3      | Reached XP level 5. HP: 22/29 MP: 7/7
  2089 | D:3      | Found a sacrificial altar of Ru.
  2090 | D:3      | Found a stormy altar of Qazlal.
  2091 | D:3      | Found a hazy altar of Hepliaklqana.
  2095 | D:3      | 2095 ||| UPGRADING to +0 cloak.
  2100 | D:3      | 2100 ||| READING scroll labelled USEXTAUMIO.
  2109 | D:3      | Found a shimmering altar of Xom.
  2393 | D:3      | Found a large runed translucent door.
  2394 | D:3      | Found a large runed translucent door.
  2395 | D:3      | Found a corrupted altar of Lugonu.
  2465 | D:3      | 2465 ||| READING scroll labelled PYSHRIH WEROV.
  2516 | D:3      | 2516 ||| READING scroll labelled KAAMEO ZAEN.
  2595 | D:4      | Reached skill level 9 in Ranged Weapons
  2601 | D:4      | HP: 3/29 [orc/+0 mace (7)]
  2602 | D:4      | 2602 ||| READING scroll of teleportation.
  2602 | D:4      | Slain by an orc

Levels and vault maps discovered:
D:1:      spicycebolla_arrival_risky_transporter, layout_rooms,
          shapermc_ecumenical_altar_starsandcircs
D:2:      layout_basic, basic_altar, uniq_robin
D:3:      due_chaos_kobolds, layout_basic, nicolae_overflow_quartered_altars,
          minmay_randomly_rotated_circles
D:4:      layout_loops_ring, serial_shops, shop, st_stairs_4, uniq_pikel,
          uniq_blork_the_orc

Skill      XL: |  1  2  3  4  5 |
---------------+----------------+-----
Ranged Weapons | 6 7 8 9 |  9.1
Fighting       | |  1.5
Dodging        | |  2.4
Stealth        | |  1.2

Action                     |  1- 3 |  4- 6 || total
---------------------------+-------+-------++-------
   Fire: Shortbow          |    69 |   128 ||   197
    Use: Scroll            |     3 |     5 ||     8
         Potion            |     1 |     2 ||     3
 Armour: Leather armour    |     7 |       ||     7
         Ring mail         |       |    24 ||    24
  Dodge: Dodged            |     6 |    37 ||    43

Table legend:
 A = Non-vault XP
 B = Vault XP
 C = Vault XP percentage of total XP
 D = Non-vault monster count
 E = Vault monster count
 F = Vault count percentage of total count
                 A         B        C        D         E       F
            +---------+---------+-------+---------+---------+-------
      Total |     245 |      60 |  19.7 |      59 |      17 |  22.4
            +---------+---------+-------+---------+---------+-------
        D:1 |      44 |       0 |   0.0 |      12 |       0 |   0.0
        D:2 |      52 |      27 |  34.2 |      15 |       7 |  31.8
        D:3 |      66 |      33 |  33.3 |      27 |      10 |  27.0
        D:4 |      83 |       0 |   0.0 |       5 |       0 |   0.0
            +---------+---------+-------+---------+---------+-------
